 Dungeon Crawl Stone Soup version 0.24-a0-630-g0d56a85 (webtiles) character file.

Game seed: 1790490474115087274, levelgen mode: deterministic

35 Laraso the Caller (level 3, 0/22 HPs)
             Began as a Tengu Summoner on Sept 19, 2019.
             Slain by a kobold
             ... wielding a +0 short sword
              (4 damage)
             ... on level 2 of the Dungeon.
             The game lasted 00:01:16 (913 turns).

Laraso the Caller (Tengu Summoner)                   Turns: 913, Time: 00:01:16

Health: 0/22       AC:  2    Str:  8    XL:     3   Next: 33%
Magic:  7/7        EV: 12    Int: 16    God:
Gold:   77         SH:  0    Dex: 14    Spells: 5/6 levels left

rFire    . . .     SeeInvis .   d - +0 short sword
rCold    . . .     Gourm    .   (no shield)
rNeg     . . .     Faith    .   a - +0 robe
rPois    .         Spirit   .   (helmet restricted)
rElec    .         Reflect  .   (no cloak)
rCorr    .         Harm     .   (no gloves)
MR       .....                  (boots unavailable)
Stlth    ++........             (no amulet)
HPRegen  0.07/turn              (no ring)
MPRegen  0.10/turn              (no ring)

@: no status effects
A: beak, talons 3
a: no special abilities


You were on level 2 of the Dungeon.
You were not hungry.

You visited 1 branch of the dungeon, and saw 2 of its levels.

You collected 77 gold pieces.

Inventory:

Hand Weapons
 d - a +0 short sword (weapon)
Armour
 a - a +0 robe (worn)
Scrolls
 g - a scroll of teleportation
 h - a scroll of identify {unknown}
 i - a scroll of remove curse {unknown}
Potions
 b - 2 potions of heal wounds {unknown}
 e - a potion of ambrosia {unknown}
Comestibles
 c - 3 rations
 f - 5 chunks of flesh


   Skills:
 * Level 2.6 Fighting
 - Level 2.1 Dodging
 - Level 2.1 Stealth
 - Level 2.0 Spellcasting
 - Level 4.9 Summonings


You had 5 spell levels left.
You knew the following spells:

 Your Spells              Type           Power        Failure   Level  Hunger
a - Summon Small Mammal   Summ           ###.         2%          1    #......

Your spell library contained the following spells:

 Spells                   Type           Power        Failure   Level  Hunger
 Call Imp                 Summ           ###.....     4%          2    ###....
 Call Canine Familiar     Summ           ###.....     9%          3    ###....
 Summon Guardian Golem    Hex/Summ       #.......     22%         3    ###....
 Summon Ice Beast         Ice/Summ       #.......     58%         4    #####..
 Summon Lightning Spire   Summ/Air       #.......     58%         4    #####..


Dungeon Overview and Level Annotations

Branches:
Dungeon (2/15)

Altars:


Innate Abilities, Weirdness & Mutations

You have a beak for a mouth.
You have claws for feet.


Message History

You hit the worm. The worm bites you.
You hit the worm. You claw the worm. You hit the worm. You claw the worm.
You kill the worm!
No target in view!
You butcher the giant cockroach corpse.
f - 3 chunks of flesh (gained 1)
You see here a worm corpse.
You butcher the worm corpse.
f - 5 chunks of flesh (gained 2)
You now have 77 gold pieces (gained 12).
A rat comes into view.
A rat is nearby!
A rat is nearby!
The helpless rat fails to defend itself.
You hit the rat.
You kill the rat!
No target in view!
i - a scroll labeled QUHYXU ROXEIDU Health restored: 22 A kobold comes into view.
It is wielding a +0 short sword.
A kobold is nearby!
A kobold is nearby!
A rat and a worm come into view.
The kobold throws a stone.
The stone misses you.
Found a stone staircase leading down.
You see here a stone.
The kobold throws a stone.
The stone hits you.
You take 2 damage, and have 20/22 hp.
The kobold throws a stone.
The stone hits you but does no damage.
You see here a stone.
The kobold throws a stone.
The stone hits you but does no damage.
You see here a stone.
The kobold throws a stone.
The stone hits you.
You see here a stone.
You take 1 damage, and have 19/22 hp.
The kobold throws a stone.
The stone hits you.
You see here a stone.
You take 4 damage, and have 15/22 hp.
The rat twitches its whiskers.
The kobold throws a stone.
The stone barely misses you.
You barely miss the rat. Your peck misses the rat. The rat bites you.
* * * LOW HITPOINT WARNING * * *
You take 3 damage, and have 12/22 hp.
You hit the rat.
You kill the rat!
The kobold throws a stone.
The stone hits you but does no damage.
The kobold throws a stone.
The stone hits you but does no damage.
You see here 2 stones.
The kobold hits you with a +0 short sword.
* * * LOW HITPOINT WARNING * * *
You see here a stone.
You take 2 damage, and have 11/22 hp.
You barely miss the kobold. The kobold closely misses you.
The kobold hits you with a +0 short sword!
* * * LOW HITPOINT WARNING * * *
You take 7 damage, and have 4/22 hp.
MASSIVE DAMAGE!!
You barely miss the kobold. Your kick misses the kobold.
The kobold hits you with a +0 short sword.
You die...

#.# ### ....... #.# #..
...>....# #.# #.#
#.......# #.. ...
......... #.## #.#
#.......# #..# #.#
#.......#
#######..###.####.......#
..............((@K...####
#######...#######(.......
#...# #(.#..... #...#
#w.# #### #...#######..#
#............# ##..#####
#... ########..# #.###
..........# #.#


You could see a worm and a kobold.

Vanquished Creatures
  An ooze (D:2)
  A worm (D:2)
  2 dart slugs (D:1)
  A bat (D:1)
  3 giant cockroaches
  4 goblins
  2 hobgoblins (D:1)
  2 kobolds (D:1)
  2 frilled lizards
  5 rats
23 creatures vanquished.

Notes
Turn   | Place    | Note
-------+----------+-------------------------------------------
     0 | D:1      | Laraso the Tengu Summoner began the quest for the Orb.
     0 | D:1      | Reached XP level 1. HP: 10/10 MP: 4/4
   210 | D:1      | Reached skill level 1 in Fighting
   210 | D:1      | Reached XP level 2. HP: 16/16 MP: 6/6
   772 | D:1      | Reached skill level 2 in Fighting
   802 | D:2      | Reached XP level 3. HP: 22/22 MP: 7/7
   912 | D:2      | HP: 4/22 [kobold/+0 short sword (7)]
   913 | D:2      | Slain by a kobold

Levels and vault maps discovered:
D:1:      minmay_arrival_stone_box, layout_basic
D:2:      layout_loops_ring

Skill      XL: |  1  2 |
---------------+-------+-----
Fighting       | 1 2 |  2.6
Dodging        | |  2.1
Stealth        | |  2.1
Spellcasting   | |  2.0
Summonings     | |  4.9

Action                   || total
-------------------------++-------
Melee: Short sword       ||    66
       Kick              ||    16
       Peck              ||     8
  Use: Scroll            ||     1
 Stab: Sleeping          ||     7
Armor: Robe              ||    11
Dodge: Dodged            ||    39

Table legend:
 A = Non-vault XP
 B = Vault XP
 C = Vault XP percentage of total XP
 D = Non-vault monster count
 E = Vault monster count
 F = Vault count percentage of total count
                 A         B        C        D         E       F
            +---------+---------+-------+---------+---------+-------
      Total |      50 |       0 |   0.0 |      23 |       0 |   0.0
            +---------+---------+-------+---------+---------+-------
        D:1 |      31 |       0 |   0.0 |      16 |       0 |   0.0
        D:2 |      19 |       0 |   0.0 |       7 |       0 |   0.0
            +---------+---------+-------+---------+---------+-------

Table legend:
 A = Kills in this place as a percentage of kills in entire the game.
 B = Kills by you in this place as a percentage of kills by you in the entire game.
 C = Kills by friends in this place as a percentage of kills by friends in the entire game.
 D = Other kills in this place as a percentage of other kills in the entire game.
 E = Experience gained in this place as a percentage of experience gained in the entire game.
 F = Experience gained in this place divided by the number of levels of this place that you have seen.
                   A       B       C       D       E      F
               +-------+-------+-------+-------+-------+----------------------
         Total | 100.0 | 100.0 |   N/A |   N/A | 100.0 |  25.0
       Dungeon | 100.0 | 100.0 |   N/A |   N/A | 100.0 |  25.0
               +-------+-------+-------+-------+-------+----------------------

Table legend:
 A = Turns spent in this place as a percentage of turns spent in the entire game.
 B = Non-inter-level travel turns spent in this place as a percentage of non-inter-level travel turns spent in the entire game.
 C = Inter-level travel turns spent in this place as a percentage of turns spent in this place.
 D = Turns resting spent in this place as a percentage of non-inter-level travel turns spent in this place.
 E = Turns spent auto-exploring this place as a percentage of non-inter-level travel turns spent in this place.
 F = Non-inter-level travel turns spent in this place divided by the number of levels of this place that you've seen.
                   A       B       C       D       E      F
               +-------+-------+-------+-------+-------+----------------------
         Total | 100.0 | 100.0 |   2.1 |  37.7 |  39.6 | 447.0
       Dungeon | 100.0 | 100.0 |   2.1 |  37.7 |  39.6 | 447.0
               +-------+-------+-------+-------+-------+----------------------

Levels and vault maps discovered:
D:1:      minmay_arrival_stone_box, layout_basic
D:2:      layout_loops_ring
